 Dungeon Crawl Stone Soup version 0.22-a0-362-g535178c (webtiles) character file.

126 Amnesiac the Digger (level 4, 0/30 HPs)
             Began as a Mummy Earth Elementalist on Apr 20, 2018.
             Was an Initiate of Gozag.
             Slain by a big kobold
             ... wielding a +0 club
              (7 damage)
             ... in a sewer.
             The game lasted 00:02:24 (1134 turns).

Amnesiac the Digger (Mummy Earth Elementalist)      Turns: 1134, Time: 00:02:25

Health: 0/30       AC:  5    Str: 11    XL:     4   Next: 84%
Magic:  0/10       EV: 10    Int: 15    God:    Gozag
Gold:   70         SH:  0    Dex: 12    Spells: 8/11 levels left

rFire    x . .     SeeInvis .   d - +0 whip
rCold    + . .     Gourm    .   (no shield)
rNeg     + + +     Faith    .   e - +0 ring mail
rPois    ∞         Spirit   .   (no helmet)
rElec    .         Reflect  .   (no cloak)
rCorr    .         Harm     .   (no gloves)
MR       .....                  (no boots)
Stlth    +.........             (no amulet)
HPRegen  0.10/turn              (no ring)
MPRegen  0.12/turn              (no ring)

@: very slightly contaminated
A: no food or potions, fire vulnerability, cold resistance 1, negative energy
resistance 3, torment resistance, unbreathing
a: Potion Petition, Call Merchant, Bribe Branch, Renounce Religion


You were in a sewer.
You worshipped Gozag.
Gozag was noncommittal.
You were not hungry.

You visited 1 branch of the dungeon, and saw 4 of its levels.
You also visited: Sewer.

You collected 127 gold pieces.
You paid 57 gold pieces to Gozag.

Inventory:

Hand Weapons
 d - a +0 whip (weapon)
Armour
 c - a +0 robe
 e - a +0 ring mail (worn)
Scrolls
 a - a scroll of identify {!r, unknown}
 f - a scroll of remove curse {!r, unknown}
 g - a scroll of random uselessness {!r, unknown}


   Skills:
 - Level 1.5 Dodging
 - Level 1.5 Stealth
 + Level 4.1 Spellcasting
 - Level 0.7 Transmutations
 * Level 4.1 Earth Magic


You had 8 spell levels left.
You knew the following spells:

 Your Spells              Type           Power        Failure   Level  Hunger
a - Sandblast             Erth           ###...       9%          1    N/A
b - Passwall              Tmut/Erth      ##........   24%         2    N/A

Dungeon Overview and Level Annotations

Branches:
Dungeon (4/15)             Temple (0/1) D:4

Altars:
Gozag


Innate Abilities, Weirdness & Mutations

You do not eat or drink.
Your flesh is vulnerable to fire.
You are immune to poison.
Your flesh is cold resistant. (rC+)
You are immune to negative energy. (rN+++)
You are immune to unholy pain and torment.
You can survive without breathing.


Message History

You closely miss the big kobold.
The big kobold is almost dead.
The big kobold completely misses you.
Casting: Sandblast (safe; 9% risk of failure)
Confirm with . or Enter, or press ? or * to list all spells.
You don't have enough magic to cast that spell.
You barely miss the big kobold.
The big kobold is almost dead.
The big kobold completely misses you.
Casting: Sandblast (safe; 9% risk of failure)
Confirm with . or Enter, or press ? or * to list all spells.
You don't have enough magic to cast that spell.
Casting: Sandblast (safe; 9% risk of failure)
Confirm with . or Enter, or press ? or * to list all spells.
You don't have enough magic to cast that spell.
Casting: Sandblast (safe; 9% risk of failure)
Confirm with . or Enter, or press ? or * to list all spells.
You don't have enough magic to cast that spell.
Casting: Sandblast (safe; 9% risk of failure)
Confirm with . or Enter, or press ? or * to list all spells.
Aiming: Sandblast (safe; 9% risk of failure)
Press: ? - help, Shift-Dir - straight line, f/p - big kobold
Aim: a big kobold, wielding a club (almost dead)
The blast of sand misses the big kobold.
b - 2 stones The big kobold hits you but does no damage.
Casting: Sandblast (safe; 9% risk of failure)
Confirm with . or Enter, or press ? or * to list all spells.
You don't have enough magic to cast that spell.
Casting: Sandblast (safe; 9% risk of failure)
Confirm with . or Enter, or press ? or * to list all spells.
You don't have enough magic to cast that spell.
Casting: Sandblast (safe; 9% risk of failure)
Confirm with . or Enter, or press ? or * to list all spells.
You don't have enough magic to cast that spell.
You hit the big kobold but do no damage.
The big kobold is almost dead.
The big kobold hits you with a club.
* * * LOW HITPOINT WARNING * * *
You hit the big kobold but do no damage.
The big kobold is almost dead.
The big kobold hits you but does no damage.
You closely miss the big kobold.
The big kobold is almost dead.
The big kobold hits you with a club.
* * * LOW HITPOINT WARNING * * *
Unknown command.
Casting: Sandblast (safe; 9% risk of failure)
Confirm with . or Enter, or press ? or * to list all spells.
Aiming: Sandblast (safe; 9% risk of failure)
Press: ? - help, Shift-Dir - straight line, f/p - big kobold
Aim: a big kobold, wielding a club (almost dead)
The blast of sand misses the big kobold.
b - a stone Unknown command.
Casting: Sandblast (safe; 9% risk of failure)
Confirm with . or Enter, or press ? or * to list all spells.
Aiming: Sandblast (safe; 9% risk of failure)
Press: ? - help, Shift-Dir - straight line, f/p - big kobold
Aim: a big kobold, wielding a club (almost dead)
The blast of sand misses the big kobold.
You now have no stones remaining.
The big kobold hits you with a club!
You die...
Your body crumbles into a pile of gold.

≈≈ #........##
≈ ≈≈#≈........#
#≈≈≈#≈≈.......#
#≈≈≈≈≈P≈.....#
#≈≈≈#≈≈......#
≈≈≈≈≈P.....#
#≈≈.....#
#P.@...#
#..K..##
#.....# #.....#
..≈#≈≈≈#.....##
..P≈≈≈≈#......#
≈≈≈≈≈≈#......#
≈≈≈≈≈#......#
#≈≈≈#......#


You could see a big kobold.

Vanquished Creatures
  An orc priest (D:4)
  Natasha (twice) (D:2)
  2 adders
  A worm (D:3)
  A dart slug (D:3)
  3 orcs (D:4)
  4 bats
  A giant cockroach (D:3)
  2 goblins
  A hobgoblin (D:1)
  A quokka (D:3)
  3 frilled lizards
  2 kobolds
  A quokka skeleton (D:4)
  2 rats
27 creatures vanquished.

Notes
Turn   | Place    | Note
-------+----------+-------------------------------------------
     0 | D:1      | Amnesiac the Mummy Earth Elementalist began the quest for the Orb.
     0 | D:1      | Reached XP level 1. HP: 13/13 MP: 4/4
   331 | D:2      | Noticed Natasha
   336 | D:2      | Killed Natasha
   336 | D:2      | Reached XP level 2. HP: 9/19 MP: 1/6
   336 | D:2      | Reached XP level 3. HP: 11/24 MP: 1/7
   389 | D:2      | Learned a level 2 spell: Passwall
   454 | D:2      | Noticed Natasha
   462 | D:2      | Killed Natasha
   501 | D:3      | Reached XP level 4. HP: 30/30 MP: 5/9
   733 | D:4      | Found an opulent altar of Gozag.
   778 | D:4      | Became a worshipper of Gozag Ym Sagoz the Greedy
   980 | D:4      | Found a staircase to the Ecumenical Temple.
  1014 | D:4      | Found a glowing drain.
  1024 | Sewer    | Entered a sewer
  1093 | Sewer    | Noticed a big kobold
  1134 | Sewer    | Slain by a big kobold

Vault maps used:
D:1:      dpeg_arrival_chambers_temple_mockup
D:2:      okawaru_altar_gauntlet_db, uniq_robin, uniq_natasha
D:3:      old_standard_altar, marbit_many_paths, roderic_roman_lattice
D:4:      nicolae_gozag_cash_rules_everything_around_me,
          minmay_temple_entry_enclosed_plants, serial_shops,
          nicolae_shop_behind_doors, portal_sewer_entry_d
Sewer:    kennysheep_pipe_town

Skill      XL: |  1  2  3  4 |
---------------+-------------+-----
Spellcasting   | 3 4 |  4.1
Earth Magic    | 3 4 |  4.1
Dodging        | |  1.5
Stealth        | |  1.5
Transmutations | |  0.7

Action                   |  1- 3 |  4- 6 || total
-------------------------+-------+-------++-------
Melee: Whip              |    17 |    88 ||   105
       Unarmed           |     4 |       ||     4
 Cast: Sandblast         |    11 |    24 ||    35
Armor: Ring mail         |     9 |    73 ||    82
       Robe              |     1 |       ||     1
Dodge: Dodged            |    16 |    93 ||   109

Table legend:
 A = Spawn XP
 B = Non-spawn XP
 C = Spawn XP percentage of total XP
 D = Spawn monster count
 E = Non-spawn monster count
 F = Spawn count percentage of total count
 G = Total turns spent on level
                    A         B        C        D         E        F      G
               +---------+---------+-------+---------+---------+-------+---------
         Total |       0 |     181 |   0.0 |       0 |      27 |   0.0 |  1134
               +---------+---------+-------+---------+---------+-------+---------
           D:1 |       0 |       6 |   0.0 |       0 |       3 |   0.0 |   293
           D:2 |       0 |      89 |   0.0 |       0 |       7 |   0.0 |   237
           D:3 |       0 |      16 |   0.0 |       0 |       6 |   0.0 |   212
           D:4 |       0 |      65 |   0.0 |       0 |       7 |   0.0 |   282
         Sewer |       0 |       5 |   0.0 |       0 |       4 |   0.0 |   110
               +---------+---------+-------+---------+---------+-------+---------
